cohdb
Replays
Latest Replays
All Replays
Popular Replays
Top Player Replays
Match Explorer
How It Works
Community
CoH3 Stats
Reddit
Sign in to upload your games and track your stats! →
Sign in with Steam
Match 37935323
Unlisted
Match 37935323
Overview
Messages
Build Orders
End
Construct Barracks
Riflemen Squad
Riflemen Squad
Riflemen Squad
Grenade Package
Construct Medical Station
Construct Weapon Support Center
Air Support Center
Selects Armored Battlegroup
Selects Veteran Crews
P-47 Dive Bomb
P-47 Strafing Run
M3 Armored Personnel Carrier
Riflemen Squad
Bazooka Squad
M1918 Browning Automatic Rifles
Selects Strength in Steel
Grasshopper Recon Run
M1 Mortar Team
P-47 Strafing Run
Grasshopper Recon Run
Bazooka Squad
Engineer Squad
Air Supply
Double Sortie
P-47 Dive Bomb
P-47 Strafing Run
Riflemen Squad
Grasshopper Recon Run
P-47 Strafing Run
Construct Tank Depot
Grasshopper Recon Run
P-47 Dive Bomb
P-47 Strafing Run
M18 Hellcat Tank Destroyer
P-47 Dive Bomb
P-47 Strafing Run
M18 Hellcat Tank Destroyer
P-47 Strafing Run
拜者为叩
Bland Blended Brand
孤冰月
East Flow
Dingo like Relic's parents
Delete Squad
Chick
Voodoo408
0
0
Comments
sign in to comment!
No comments posted yet!